 Dungeon Crawl Stone Soup version 0.22-b1-59-g0aedee7 (webtiles) character file.

870 MTVSty1e the Cleaver (level 8, 0/46 HPs)
             Began as a Gargoyle Monk on Aug 9, 2018.
             Was a Believer of Okawaru.
             Slain by a hornet (11 damage)
             ... on level 6 of the Dungeon.
             The game lasted 00:10:30 (4962 turns).

MTVSty1e the Cleaver (Gargoyle Monk)                Turns: 4962, Time: 00:10:30

Health: 0/46       AC: 16    Str: 21    XL:     8   Next: 3%
Magic:  6/8        EV: 14    Int: 11    God:    Okawaru [**....]
Gold:   178        SH:  0    Dex: 12    Spells: 7/7 levels left

rFire    . . .     SeeInvis .   a - +0 hand axe
rCold    . . .     Gourm    .   (no shield)
rNeg     + . .     Faith    .   o - +0 ring mail
rPois    ∞         Spirit   .   p - +0 helmet
rElec    +         Reflect  .   (no cloak)
rCorr    .         Harm     .   (no gloves)
MR       .....                  (no boots)
Stlth    +++.......             (no amulet)
HPRegen  0.15/turn              l - +4 ring of strength
MPRegen  0.11/turn              t - +4 ring of protection

@: heroism
A: negative energy resistance 1, electricity resistance, unbreathing,
petrification resistance, rot immunity, AC +5
a: Heroism, Renounce Religion


You were on level 6 of the Dungeon.
You worshipped Okawaru.
Okawaru was pleased with you.
You were not hungry.

You visited 2 branches of the dungeon, and saw 7 of its levels.
You also visited: Ossuary.

You collected 178 gold pieces.

Inventory:

Hand Weapons
 a - a +0 hand axe (weapon)
Armour
 o - a +0 ring mail (worn)
 p - a +0 helmet (worn)
Jewellery
 l - a +4 ring of strength (left hand)
 t - a +4 ring of protection (right hand)
Wands
 h - a wand of random effects (32)
 y - a wand of acid (9)
Scrolls
 b - a scroll of enchant weapon {unknown}
 e - 4 scrolls of teleportation {unknown}
 g - 7 scrolls of identify {unknown}
 i - 5 scrolls of magic mapping {unknown}
 j - 7 scrolls of remove curse {unknown}
 r - 2 scrolls of amnesia {unknown}
 v - a scroll of fear {unknown}
 w - 8 scrolls of enchant armour {unknown}
 A - a scroll of fog {unknown}
 B - 2 scrolls of blinking {unknown}
Potions
 d - 5 potions of curing {unknown}
 k - a potion of heal wounds {unknown}
 m - a potion of degeneration {unknown}
 n - a potion of magic {unknown}
 q - a potion of might {unknown}
 s - 2 potions of haste {unknown}
 u - a potion of ambrosia {unknown}
 x - a potion of agility {unknown}
 z - a potion of brilliance {unknown}
 C - a potion of flight {unknown}
Comestibles
 c - 7 rations


   Skills:
 - Level 3.2(8.2) Fighting
 + Level 8.6(13.6) Axes
 - Level 2.4(7.4) Dodging
 - Level 2.1(7.1) Stealth


You had 7 spell levels left.
You didn't know any spells.
Your spell library was empty.

Dungeon Overview and Level Annotations

Branches:
Dungeon (6/15)             Temple (1/1) D:4

Altars:
Cheibriados
Dithmenos
Elyvilon
Fedhas
Gozag
Hepliaklqana
Makhleb
Nemelex Xobeh
Okawaru
Qazlal
Ru
Sif Muna
Trog
Uskayaw
Vehumet
Wu Jian
Xom
Yredelemnul
Zin
Beogh

Annotations:
D:4 3 runed doors, letownia2's ghost, weakling DsFi


Innate Abilities, Weirdness & Mutations

You are resistant to torment.
Your stone body is resilient. (AC +5)
You are immune to poison.
You resist negative energy. (rN+)
You are resistant to electric shocks. (rElec)
You can survive without breathing.
You are immune to petrification.
You are immune to rotting.


Message History

The hornet is lightly wounded.
The hornet misses you. The hornet stings you.
You hit the hornet but do no damage.
The hornet is lightly wounded.
The hornet stings you but does no damage.
You gain the combat prowess of a mighty hero.
The hornet stings you! The hornet barely misses you.
You are too injured to fight recklessly!
You hit the hornet.
The hornet is moderately wounded.
You slash the hornet!
The hornet is severely wounded.
The hornet stings you. The hornet stings you!
* * * LOW HITPOINT WARNING * * *
You closely miss the hornet.
The hornet is severely wounded.
You barely miss the hornet.
The hornet is severely wounded.
The hornet stings you!
You die...

#....+
#....#
#....#
#...<#
+....#######
#....'.....#
#....#..%..+
#....#######
#@...#
#.....y...[#
#..........#
#..........#
#..........#
#..........#
...####....#
... #....#


You could see a hornet.

Vanquished Creatures
  Sigmund (D:5)
  An ogre (D:5)
  A scorpion (D:4)
  A crimson imp (D:5)
  A hound (D:4)
  An iguana (D:4)
  3 worker ants
  7 big kobold zombies (Ossuary)
  A mummy (Ossuary)
  7 gnolls
  7 adders
  A shadow imp (D:5)
  2 oozes
  5 worms
  A leopard gecko (D:2)
  5 orcs
  5 spectral bats (Ossuary)
  7 giant cockroaches
  5 gnoll zombies (Ossuary)
  5 goblins
  8 hobgoblins
  2 jackals (D:3)
  9 kobolds
  A quokka (D:3)
  A ball python (D:2)
  7 bats
  2 bat simulacra (Ossuary)
  5 frilled lizards
  A goblin simulacrum (Ossuary)
  3 goblin zombies (Ossuary)
  4 hobgoblin zombies (Ossuary)
  3 kobold simulacra (Ossuary)
  4 kobold zombies (Ossuary)
  A leopard gecko skeleton (D:4)
  7 orc zombies (Ossuary)
  A quokka skeleton (D:4)
  10 rats
  7 rat simulacra (Ossuary)
  2 spectral goblins (Ossuary)
  A spectral kobold (Ossuary)
  7 spectral rats (Ossuary)
153 creatures vanquished.

Notes
Turn   | Place    | Note
-------+----------+-------------------------------------------
     0 | D:1      | MTVSty1e the Gargoyle Monk began the quest for the Orb.
     0 | D:1      | Reached XP level 1. HP: 14/14 MP: 1/1
    94 | D:1      | Reached skill level 3 in Axes
   134 | D:1      | Reached XP level 2. HP: 18/19 MP: 2/2
   518 | D:1      | Reached XP level 3. HP: 14/23 MP: 3/3
   871 | D:2      | Reached skill level 4 in Axes
   878 | D:2      | Found a basalt altar of Yredelemnul.
  1381 | D:2      | Found a hazy altar of Hepliaklqana.
  1427 | D:2      | Found an opulent altar of Gozag.
  1526 | D:2      | Reached XP level 4. HP: 27/28 MP: 4/4
  1791 | D:3      | Found a shimmering altar of Xom.
  1803 | D:3      | Found a burning altar of Makhleb.
  2196 | D:4      | Reached skill level 5 in Axes
  2196 | D:4      | Reached XP level 5. HP: 32/32 MP: 5/5
  2211 | D:4      | Found a runed gate.
  2213 | D:4      | Found a runed gate.
  2214 | D:4      | Noticed letownia2's ghost (weakling DsFi)
  2219 | D:4      | Found a roughly hewn altar of Beogh.
  2219 | D:4      | Found a runed gate.
  2400 | D:4      | Reached XP level 6. HP: 36/37 MP: 6/6
  2406 | D:4      | Reached skill level 6 in Axes
  2490 | D:4      | Found a staircase to the Ecumenical Temple.
  2502 | Temple   | Entered the Ecumenical Temple
  3085 | D:5      | Entered Level 5 of the Dungeon
  3110 | D:5      | Noticed an orc warrior
  3435 | D:5      | Reached skill level 7 in Axes
  3435 | D:5      | Reached XP level 7. HP: 25/41 MP: 7/7
  3461 | D:5      | Found a sand-covered staircase.
  3473 | Ossuary  | Entered an ossuary
  4473 | D:5      | Found an iron altar of Okawaru.
  4477 | D:5      | Became a worshipper of Warmaster Okawaru
  4477 | D:5      | Reached * piety under Okawaru
  4477 | D:5      | Reached ** piety under Okawaru
  4493 | D:5      | Noticed Sigmund
  4523 | D:5      | Killed Sigmund
  4523 | D:5      | Reached skill level 8 in Axes
  4550 | D:5      | Reached XP level 8. HP: 23/46 MP: 8/8
  4946 | D:6      | Noticed a hornet
  4962 | D:6      | Slain by a hornet

Skill      XL: |  1  2  3  4  5  6  7 |
---------------+----------------------+-----
Axes           | 3 4 5 7 8 |  8.6
Fighting       | |  3.2
Dodging        | |  2.4
Stealth        | |  2.1

Action                   |  1- 3 |  4- 6 |  7- 9 || total
-------------------------+-------+-------+-------++-------
Melee: Hand axe          |   153 |   226 |   295 ||   674
Invok: Heroism           |       |       |     1 ||     1
  Use: Potion            |       |     1 |     1 ||     2
 Stab: Sleeping          |     2 |     1 |     1 ||     4
  Eat: Chunk             |     2 |       |       ||     2
       Ration            |       |     2 |     2 ||     4
Armor: Robe              |    24 |       |       ||    24
       Leather armour    |    39 |     4 |       ||    43
       Ring mail         |       |    84 |   119 ||   203
Dodge: Dodged            |   142 |   166 |   138 ||   446
